 Dungeon Crawl Stone Soup version 0.28-a0-445-g51f8dfeb47 (webtiles) character file.

Game seed: 12528818282160328706

20969 Astera the Basher (level 12, -8/76 HPs)
             Began as a Gargoyle Fighter on Sept 12, 2021.
             Was the Champion of Fedhas.
             Mangled by an ironbound preserver (16 damage)
             ... summoned by a worldbinder
             ... on level 2 of the Abyss.
             The game lasted 01:10:39 (19625 turns).

Astera the Basher (Gargoyle Fighter)               Turns: 19625, Time: 01:10:40

Health: -8/76      AC: 44    Str: 20    XL:     12   Next: 85%
Magic:  16/16      EV:  8    Int: 13    God:    Fedhas [******]
Gold:   678        SH: 11    Dex: 12    Spells: 11/11 levels left

rFire   . . .      SeeInvis .   h - +2 flail (protect)
rCold   + . .      Faith    .   G - +0 kite shield
rNeg    + . .      Spirit   .   E - +0 chain mail
rPois   ∞          Reflect  .   N - +2 hat
rElec   +          Harm     .   u - +1 cloak {Will+}
rCorr   .          Rampage  .   x - +0 pair of gloves
Will    +....                   A - +2 pair of boots
Stlth   ..........              K - amulet of Echa Uro {Acrobat Int+2 Slay+2}
HPRegen 0.22/turn               L - ring of protection from cold
MPRegen 0.15/turn               O - ring of the Tortoise {AC+8}

@: about to teleport, under a protective aura
A: sickness immunity, AC +8, negative energy resistance 1, electricity
resistance, torment resistance 1, petrification resistance
a: Renounce Religion, Wall of Briars, Grow Ballistomycete, Overgrow, Grow Oklob


You were on level 2 of the Abyss.
You worshipped Fedhas.
Fedhas was exalted by your worship.
You visited 1 branch of the dungeon, and saw 12 of its levels.
You visited the Abyss 1 time.

You collected 688 gold pieces.
You spent 10 gold pieces at shops.

Inventory:

Hand Weapons
 d - a +2 whip of freezing
 h - a +2 flail of protection (weapon)
 D - a +0 morningstar
Missiles
 F - 4 throwing nets (quivered)
Armour
 u - a +1 cloak of willpower (worn)
 x - a +0 pair of gloves (worn)
 A - a +2 pair of boots (worn)
 E - a +0 chain mail (worn)
 G - a +0 kite shield (worn)
 N - a +2 hat (worn)
Jewellery
 K - the amulet of Echa Uro (around neck) {Acrobat Int+2 Slay+2}
   (You found it on level 9 of the Dungeon)

   [amulet of the acrobat]

   It increases your evasion while moving and waiting.
   Int:       It affects your intelligence (+2).
   Slay:      It affects your accuracy & damage with ranged weapons and melee
   (+2).
 L - a ring of protection from cold (left hand)
 O - the ring of the Tortoise (right hand) {AC+8}
   (You found it on level 11 of the Dungeon)

   [ring of protection]

   AC:        It affects your AC (+8).
Wands
 f - a wand of paralysis (16)
 n - a wand of mindburst (9)
Scrolls
 b - a scroll of amnesia {unknown}
 i - 4 scrolls of immolation {unknown}
 j - a scroll of teleportation
 l - 2 scrolls of identify
 o - 2 scrolls of vulnerability {unknown}
 p - 2 scrolls of fear
 s - 2 scrolls of enchant weapon
 v - a scroll of enchant armour {unknown}
 w - 2 scrolls of brand weapon {unknown}
 y - a scroll of magic mapping {unknown}
 B - a scroll of fog {unknown}
 H - a scroll of torment {unknown}
Potions
 a - 2 potions of brilliance
 c - a potion of lignification {unknown}
 e - 2 potions of ambrosia
 g - 3 potions of haste {unknown}
 k - 2 potions of heal wounds
 m - 2 potions of curing
 q - 2 potions of mutation {unknown}
 r - 3 potions of invisibility
 t - a potion of magic {unknown}
 z - a potion of resistance {unknown}
 C - 5 potions of flight
 J - 3 potions of attraction
 M - a potion of might
Miscellaneous
 I - a tin of tremorstones (2/2)


   Skills:
 + Level 9.4 Fighting
 + Level 12.6 Maces & Flails
 + Level 10.0 Armour
 + Level 4.4 Dodging
 - Level 2.7 Stealth
 + Level 10.4 Shields
 * Level 5.7 Invocations


You had 11 spell levels left.
You didn't know any spells.
Your spell library contained the following spells:

 Spells                   Type           Power      Damage    Failure   Level
 Sandblast                Erth           0%         2d4       99%         1
 Shock                    Conj/Air       0%         1d3       99%         1
 Corpse Rot               Necr/Air       N/A        N/A       99%         2
 Passwall                 Tmut/Erth      0%         N/A       99%         2
 Slow                     Hex            0%         N/A       99%         2
 Confusing Touch          Hex            0%         N/A       100%        3
 Gell's Gravitas          Tloc           0%         N/A       100%        3
 Ozocubu's Armour         Ice            0%         N/A       100%        3
 Stone Arrow              Conj/Erth      0%         3d7       100%        3
 Swiftness                Air            0%         N/A       100%        3
 Teleport Other           Tloc           0%         N/A       100%        3
 Airstrike                Air            0%         N/A       100%        4
 Animate Armour           Summ/Erth      0%         N/A       100%        4
 Animate Dead             Necr           0%         N/A       100%        4
 Dispel Undead            Necr           0%         3d6       100%        4
 Blade Hands              Tmut           0%         N/A       100%        5
 Borgnjor's Vile Clutch   Necr/Erth      0%         N/A       100%        5
 Metabolic Englaciation   Hex/Ice        0%         N/A       100%        5
 Yara's Violent Unravell  Hex/Tmut       0%         3d3       100%        5
 Death Channel            Necr           0%         N/A       100%        6
 Dispersal                Tloc           0%         N/A       100%        6
 Iron Shot                Conj/Erth      0%         9d1       100%        6
 Simulacrum               Ice/Necr       0%         N/A       100%        6


Dungeon Overview and Level Annotations

Branches:
Dungeon (12/15)            Temple (0/1) D:7            Lair (0/6) D:10
    Orc: D:9-12

Altars:
Dithmenos
Fedhas
Gozag
Kikubaaqudgha
Okawaru
Qazlal
Ru
Yredelemnul
Zin
The Shining One

Shops:
D:2 !   D:3 *

Portals:
Gauntlet: D:12

Annotations:
D:7 2 transporters, herdos3's ghost, novice MiBe
D:10 3 runed translucent doors, Sickboy's ghost, journeyman MiFi; TZer0's ghost, novice VSBe; nfekekn's ghost, journeyman GrEE
D:11 Sonja


Innate Abilities, Weirdness & Mutations

You are immune to sickness and miasma.
Your stone body is resilient. (AC +8)
You are immune to poison.
You resist negative energy. (rN+)
You are resistant to electric shocks. (rElec)
You are resistant to unholy torment.
You are immune to petrification.


Message History

You block the ufetubus's attack. x2
The yaktaur wields a +1 arbalest of freezing.
It is covered in frost.
The yaktaur shoots a bolt.
You block the bolt. You block the ufetubus's attack. x2
You block the ufetubus's attack. The ufetubus misses you.
The yaktaur shoots a bolt.
The bolt closely misses you. You block the ufetubus's attack.
The ufetubus misses you.
The yaktaur shoots a bolt.
You block the bolt. You block the worldbinder's attack.
The worldbinder hits you but does no damage.
You see here 31 gold pieces.
The ufetubus misses you. The ufetubus closely misses you.
The ufetubus completely misses you. You block the ufetubus's attack.
The worldbinder calls forth creatures from the Vaults! x2
You block the ufetubus's attack. x2
As you read the scroll of teleportation, it crumbles to dust.
You feel strangely unstable.
You feel the power of the Abyss delaying your translocation!
The ironbound preserver hits you with a +0 flail!
* * * LOW HITPOINT WARNING * * *
You feel better. You block the worldbinder's attack.
The worldbinder hits you but does no damage.
You block the ironbound preserver's attack.
You feel better. You block the worldbinder's attack.
The worldbinder hits you but does no damage.
The ironbound preserver hits you with a +0 flail!
* * * LOW HITPOINT WARNING * * *
Okay, then.
Okay, then.
Unknown command.
You sock the ironbound preserver!
Your weapon exudes an aura of protection.
The ironbound preserver is lightly wounded.
The worldbinder completely misses you. You block the worldbinder's attack.
You hit the ironbound preserver but do no damage.
The ironbound preserver is lightly wounded.
The worldbinder hits you but does no damage. x2
The ironbound preserver hits you with a +0 flail!
You die...
Fedhas appreciates your contribution to the ecosystem.

# .#.+ #######.#.###
#xp@##.#.##..#
#.p##...#....# ## ##
#c## #..#..# #.#. ..
#.#............ .. .#
#.#5$....##. .#.... .
#...p............## #
..........X#...... . .
..........#.... .... .#
......#.............(#..


You could see 2 ironbound preservers, a yaktaur (summoned) and a worldbinder.

Vanquished Creatures
  Josephine (D:10)
  Fannar (D:11)
  Harold (D:7)
  5 two-headed ogres
  A death yak (D:10)
  Nergalle (D:11)
  Pikel (D:6)
  An ugly thing (D:10)
  2 cyclopes (D:11)
  Maggie (D:10)
  Psyche (D:11)
  4 kobold demonologists
  Prince Ribbit (D:8)
  2 slime creatures (D:7)
  Sigmund (D:5)
  An air elemental (D:11)
  A spriggan (D:10)
  2 vampires (D:11)
  5 yaks
  A water elemental (D:11)
  2 shadows
  7 wraiths
  A fire elemental (D:11)
  A steam dragon (D:9)
  Eustachio (D:5)
  4 vampire mosquitoes (D:11)
  2 acid dragons (D:10)
  3 water moccasins
  A sky beast (D:6)
  3 black bears
  2 orc warriors (D:6)
  An ice beast (D:7)
  2 necrophages
  7 centaurs
  3 ogres
  3 phantoms
  4 lemures (D:6)
  Blork the orc (D:6)
  A kobold brigand (D:8)
  A scorpion (D:7)
  4 bullfrogs (D:7)
  2 gnoll sergeants
  An earth elemental (D:11)
  A water moccasin zombie (D:5)
  A wyvern skeleton (D:7)
  2 water moccasin skeletons
  7 killer bees
  14 wights
  8 centaur zombies
  7 howler monkeys
  2 bullfrog zombies (D:7)
  2 hounds (D:5)
  4 jellies
  Crazy Yiuf (D:6)
  5 orc priests
  2 centaur skeletons (D:7)
  An iguana (D:3)
  Terence (D:2)
  8 orc wizards
  A killer bee zombie (D:9)
  2 mummies (D:9)
  7 adders
  8 gnolls
  A howler monkey skeleton (D:2)
  A shadow imp (D:7)
  2 white imps
  An ufetubus (D:7)
  A worm (D:3)
  3 dart slugs
  31 orcs
  11 ball pythons
  7 bats
  10 endoplasms
  2 giant cockroaches
  14 goblins
  17 hobgoblins
  4 jackals
  17 kobolds
  3 quokkas
  4 frilled lizards (D:1)
  4 rats (D:2)
308 creatures vanquished.

Vanquished Creatures (others)
  An elephant (D:10)
  An orc warrior (D:10)
  An orc wizard (D:7)
  2 orcs (D:10)
  7 fungi
  9 withered plants
21 creatures vanquished.

Grand Total: 329 creatures vanquished

Notes
Turn   | Place    | Note
-------+----------+-------------------------------------------
     0 | D:1      | Astera the Gargoyle Fighter began the quest for the Orb.
     0 | D:1      | Reached XP level 1. HP: 14/14 MP: 1/1
   188 | D:1      | Reached XP level 2. HP: 11/19 MP: 2/2
   904 | D:1      | Found a faded altar of an unknown god.
   916 | D:1      | Became a worshipper of Fedhas Madash
   916 | D:1      | Reached * piety under Fedhas
   937 | D:1      | Reached XP level 3. HP: 20/23 MP: 3/3
  1950 | D:2      | Reached XP level 4. HP: 29/29 MP: 4/4
  2073 | D:2      | Found Qiguchiu's Distillery.
  2100 | D:2      | Reached ** piety under Fedhas
  2249 | D:2      | Bought a potion of degeneration for 10 gold pieces
  2376 | D:3      | Noticed a necrophage
  2396 | D:3      | Found an ancient bone altar of Kikubaaqudgha.
  2424 | D:3      | Noticed Terence
  2957 | D:2      | Killed Terence
  2958 | D:2      | Reached skill level 3 in Maces & Flails
  3339 | D:2      | Reached XP level 5. HP: 28/33 MP: 5/5
  3422 | D:3      | You fall into a shaft and drop 3 floors!
  3429 | D:6      | Noticed a lemure
  3429 | D:6      | Noticed a lemure
  3458 | D:6      | Found a runed translucent door.
  3459 | D:6      | Noticed Crazy Yiuf
  3483 | D:6      | Killed a lemure
  3552 | D:6      | Noticed a lemure
  3580 | D:6      | Killed a lemure
  3624 | D:6      | Noticed a lemure
  3644 | D:6      | Killed a lemure
  3789 | D:6      | Noticed a black bear
  3940 | D:6      | Killed a lemure
  3990 | D:5      | Entered Level 5 of the Dungeon
  3990 | D:5      | Noticed a sky beast
  3996 | D:6      | Reached skill level 1 in Stealth
  4099 | D:5      | Noticed a phantom
  4099 | D:5      | Noticed a water moccasin
  4140 | D:6      | Killed a sky beast
  4141 | D:6      | Reached skill level 1 in Dodging
  4141 | D:6      | Reached XP level 6. HP: 33/38 MP: 6/6
  4199 | D:6      | Killed a water moccasin
  4200 | D:6      | Reached skill level 4 in Maces & Flails
  4219 | D:6      | Reached XP level 7. HP: 20/43 MP: 7/7
  4416 | D:5      | Found a sand-covered staircase.
  4417 | D:5      | Noticed Sigmund
  4450 | D:5      | Noticed Eustachio
  4478 | D:6      | Noticed Blork the orc
  4493 | D:6      | Killed Blork the orc
  4494 | D:6      | Reached skill level 5 in Maces & Flails
  4494 | D:6      | Reached skill level 5 in Armour
  4919 | D:6      | Noticed Pikel
  4965 | D:6      | Killed Pikel
  4966 | D:6      | Reached skill level 5 in Fighting
  4966 | D:6      | Reached skill level 6 in Maces & Flails
  4966 | D:6      | Reached skill level 5 in Shields
  4966 | D:6      | Reached XP level 8. HP: 6/49 MP: 8/8
  6265 | D:6      | Killed Crazy Yiuf
  6484 | D:5      | Killed Eustachio
  6485 | D:5      | Reached skill level 7 in Maces & Flails
  6485 | D:5      | Reached XP level 9. HP: 48/54 MP: 9/9
  6491 | D:5      | Found a basalt altar of Yredelemnul.
  6993 | D:3      | You fall into a shaft and drop 2 floors!
  7130 | D:3      | Found Gozag's Platinum Reserve.
  7135 | D:3      | Found an opulent altar of Gozag.
  7325 | D:3      | Reached *** piety under Fedhas
  8626 | D:5      | Reached skill level 8 in Maces & Flails
  8728 | D:5      | Killed Sigmund
  8815 | D:5      | Reached **** piety under Fedhas
  9383 | D:7      | Noticed Harold
  9571 | D:7      | Noticed herdos3's ghost (novice MiBe)
 10017 | D:7      | Found a large runed translucent door.
 10088 | D:7      | Found a large runed translucent door.
 10089 | D:7      | Found a large runed translucent door.
 10107 | D:7      | Reached XP level 10. HP: 56/61 MP: 10/10
 10110 | D:7      | Reached skill level 9 in Maces & Flails
 10213 | D:7      | Found a large runed translucent door.
 10232 | D:7      | Found a transporter.
 10240 | D:6      | Reached ***** piety under Fedhas
 10327 | D:7      | Found a glowing silver altar of Zin.
 10329 | D:7      | Identified the +0 leather armour of Gehenna {rN+ Str+2}
 10520 | D:7      | Found a transporter.
 11085 | D:7      | Found a blossoming altar of Fedhas.
 11183 | D:7      | Killed Harold
 11218 | D:7      | Found a staircase to the Ecumenical Temple.
 11390 | D:7      | Reached skill level 10 in Maces & Flails
 11781 | D:8      | Noticed Prince Ribbit
 11944 | D:8      | Noticed a two-headed ogre
 12712 | D:9      | Noticed a two-headed ogre
 12751 | D:8      | Killed a two-headed ogre
 12752 | D:8      | Reached XP level 11. HP: 46/68 MP: 11/11
 12756 | D:8      | Killed Prince Ribbit
 12857 | D:9      | Noticed a two-headed ogre
 13049 | D:7      | Killed a two-headed ogre
 13778 | D:8      | Killed a two-headed ogre
 13779 | D:8      | Reached skill level 1 in Invocations
 14284 | D:9      | Noticed a sixfirhy
 14288 | D:9      | Noticed a sixfirhy
 14580 | D:9      | Identified the amulet of Echa Uro {Acrobat Int+2 Slay+2}
 14622 | D:9      | Found a shadowy altar of Dithmenos.
 14727 | D:9      | Noticed a sun demon
 14752 | D:9      | Noticed a soul eater
 14754 | D:9      | Reached skill level 11 in Maces & Flails
 14789 | D:9      | Found an iron altar of Okawaru.
 15248 | D:10     | Entered Level 10 of the Dungeon
 15277 | D:10     | Noticed Maggie
 15293 | D:10     | Killed Maggie
 15341 | D:10     | Found a staircase to the Lair.
 15342 | D:10     | Noticed a death yak
 15434 | D:10     | Found a sacrificial altar of Ru.
 15441 | D:10     | Reached ****** piety under Fedhas
 15585 | D:10     | Found a runed translucent gate.
 15591 | D:10     | Found a runed translucent gate.
 15591 | D:10     | Found a runed translucent gate.
 15593 | D:10     | Noticed TZer0's ghost (novice VSBe)
 15593 | D:10     | Noticed nfekekn's ghost (journeyman GrEE)
 15593 | D:10     | Noticed Sickboy's ghost (journeyman MiFi)
 15680 | D:10     | Killed a death yak
 15979 | D:10     | Found a stormy altar of Qazlal.
 16146 | D:10     | Noticed a sixfirhy
 16200 | D:10     | Noticed Josephine
 16291 | D:10     | Killed Josephine
 16304 | D:10     | Reached XP level 12. HP: 51/75 MP: 14/14
 16929 | D:10     | Found a glowing golden altar of the Shining One.
 17023 | D:11     | Noticed Psyche
 17132 | D:11     | Killed Psyche
 17133 | D:11     | Reached skill level 12 in Maces & Flails
 17147 | D:11     | Noticed Fannar
 17148 | D:11     | Found a large runed translucent door.
 17148 | D:11     | Found a large runed translucent door.
 17520 | D:11     | Killed Fannar
 17651 | D:11     | Noticed Nergalle
 17676 | D:11     | Noticed a two-headed ogre
 17807 | D:9      | Killed a two-headed ogre
 18046 | D:11     | Noticed a two-headed ogre
 18129 | D:11     | Found the ring of the Tortoise {AC+8}
 18279 | D:11     | Killed a two-headed ogre
 18280 | D:11     | Reached skill level 10 in Shields
 18280 | D:11     | Reached skill level 5 in Invocations
 18742 | D:11     | Noticed Sonja
 18847 | D:11     | Killed Nergalle
 18902 | D:11     | Paralysed by an air elemental for 1 turns
 18910 | D:11     | Paralysed by an air elemental for 1 turns
 18924 | D:11     | Reached skill level 10 in Armour
 19226 | D:12     | Found a gate leading to a gauntlet.
 19582 | D:11     | Cast into level 2 of the Abyss (Sonja)
 19620 | Abyss:2  | Noticed an ironbound preserver
 19620 | Abyss:2  | Noticed an ironbound preserver
 19625 | Abyss:2  | Mangled by an ironbound preserver

Illustrated notes

Levels and vault maps discovered:
D:1:      heliophobic_arrival_ceremonial_halls, layout_loops_corners,
          shapermc_ecumenical_altar_pompeii
D:2:      layout_loops_ring, serial_shops, shop
D:3:      layout_loops_ring, mainiacjoe_overflow_catwalk,
          nicolae_gozag_zags_fifth_avenue, minmay_starry_boxes, uniq_terence
D:4:      layout_loops_ring
D:5:      layout_loops_ring, mainiacjoe_overflow_boulevard, enter_ossuary_1,
          hangedman_abyss_or_decor_lesser_grid, uniq_eustachio, uniq_sigmund
D:6:      layout_basic, glass_columns_b, palyth_stone_intersect, nrook_uturn,
          uniq_pikel, uniq_blork_the_orc, uniq_crazy_yiuf_cottage
D:7:      layout_rooms, fedhas_altar_4, amcnicky_altar_gilded,
          minmay_temple_entry_offerings, gammafunk_ghost_arena, enter_bailey_3,
          minmay_hollow_rounded_squares, uniq_harold
D:8:      layout_rooms, uniq_prince_ribbit1
D:9:      layout_basic, nicolae_dithmenos_the_darkroom, okawaru_gym_becter,
          serial_undead, serial_undead_e, serial_undead_e, serial_undead_e,
          serial_undead_b, serial_undead_f, serial_undead_f
D:10:     layout_loops_cross, mainiacjoe_overflow_six_doors_small,
          nicolae_ru_great_annihilating_truth, tso_altar, david_lair_generic,
          gammafunk_ghost_cemetery, grunt_ministairs_4, the_hattery,
          uniq_josephine, uniq_maggie
D:11:     layout_rooms, lightli_elemental_guards, uniq_fannar, uniq_sonja,
          uniq_psyche, uniq_nergalle
D:12:     layout_basic, orc_0_dummy, gauntlet_entry_generic,
          grunt_decor_junction, hangedman_feature_mirror
Abyss:2:  base:
D:10

Skill      XL: |  1  2  3  4  5  6  7  8  9 10 11 12 |
---------------+-------------------------------------+-----
Shields        | 4 5 6 8 9 10 | 10.4
Maces & Flails | 3 4 6 7 8 10 11 12 | 12.6
Armour         | 4 6 7 8 9 10 | 10.0
Stealth        | 1 2 |  2.7
Fighting       | 4 5 6 7 8 9 |  9.4
Dodging        | 1 2 3 4 |  4.4
Invocations    | 3 5 |  5.7

Action                   |  1- 3 |  4- 6 |  7- 9 | 10-12 || total
-------------------------+-------+-------+-------+-------++-------
Melee: Flail             |   166 |   156 |   468 |  1141 ||  1931
Invok: Wall of Briars    |       |     1 |       |       ||     1
  Use: Scroll            |       |     1 |     7 |     4 ||    12
       Potion            |       |       |     1 |     5 ||     6
 Stab: Paralysed         |       |       |       |     2 ||     2
Armor: Scale mail        |   100 |   102 |   189 |       ||   391
       Chain mail        |       |       |    84 |   685 ||   769
Dodge: Dodged            |    69 |    87 |   171 |   374 ||   701
Block: Buckler           |    50 |    31 |    93 |       ||   174
       Kite shield       |       |       |    28 |   637 ||   665

Table legend: (Time is in decaauts)
 A = Elapsed time spent in this place.
 B = Non-inter-level travel time spent in this place.
 C = Inter-level travel time spent in this place.
 D = Time resting spent in this place.
 E = Time spent auto-exploring this place.
 F = Levels seen in this place.
 G = Mean time per level.
                   A        B        C        D        E       F      G
               +--------+--------+--------+--------+--------+-----+--------+
         Total |  19822 |  18439 |   1383 |   5278 |   6353 |  13 | 1524.8 |
       Dungeon |  19780 |  18397 |   1383 |   5278 |   6353 |  12 | 1648.3 |
         Abyss |     42 |     42 |      0 |      0 |      0 |   1 |   42.0 |
               +--------+--------+--------+--------+--------+-----+--------+

Top non-repeatable levels by time:
     D:6: 4028 daAuts
     D:7: 2803 daAuts
    D:10: 2265 daAuts
     D:1: 1935 daAuts
     D:9: 1505 daAuts
    D:11: 1459 daAuts
     D:8: 1372 daAuts
     D:2: 1295 daAuts
     D:5: 1162 daAuts
     D:4: 943 daAuts
     D:3: 941 daAuts
    D:12: 66 daAuts
 Abyss:2: 42 daAuts
